 Dungeon Crawl Stone Soup version 0.29-a0-819-g94b489e0ae (webtiles) character file.

Game seed: 4897652597318145176

7407 Marinxar the Cleaver (level 11, -1/97 HPs)
             Began as a Hill Orc Fighter on July 6, 2022.
             Was a Priest of Beogh.
             Slain by a death yak (12 damage)
             ... on level 9 of the Dungeon.
             The game lasted 01:10:53 (6356 turns).

Marinxar the Cleaver (Hill Orc Fighter)             Turns: 6356, Time: 01:10:53

Health: -1/97      AC: 20    Str: 30    XL:     11   Next: 14%
Magic:  11/11      EV:  8    Int: 14    God:    Beogh [***...]
Gold:   493        SH:  6    Dex: 14    Spells: 10/10 levels left

rFire   . . .      SeeInvis .   b - +9 flail of Meloeson {vorpal, rElec Will+ Dex+4}
rCold   + . .      Faith    .   c - +0 buckler
rNeg    + . .      Spirit   .   k - +0 chain mail
rPois   .          Reflect  .   g - +2 helmet
rElec   +          Harm     .   E - +2 cloak
rCorr   .          Rampage  +   (no gloves)
Will    +....                   A - +1 pair of boots {rampage}
Stlth   ..........              o - amulet of regeneration
HPRegen 1.06/turn               r - ring "Zitzosol" {rC+ rN+ Int+6 Slay+2}
MPRegen 0.12/turn               C - +6 ring of strength

@: no status effects
A: no striking features
a: Renounce Religion, Smiting


You were on level 9 of the Dungeon.
You worshipped Beogh.
Beogh was most pleased with you.
You visited 1 branch of the dungeon, and saw 9 of its levels.

You collected 493 gold pieces.

Inventory:

Hand Weapons
 b - the +9 flail of Meloeson (weapon) {vorpal, rElec Will+ Dex+4}
   (You took it off a kobold on level 7 of the Dungeon)

   It inflicts extra damage upon your enemies.
   Dex:       It affects your dexterity (+4).
   rElec:     It insulates you from electricity.
   Will:      It increases your willpower.
 s - the +5 dagger of Dust {drain, rElec Int+6 Dex+2}
   (You found it on level 3 of the Dungeon)

   A truly terrible weapon, it drains the life of any living foe it strikes.
   Int:       It affects your intelligence (+6).
   Dex:       It affects your dexterity (+2).
   rElec:     It insulates you from electricity.
 D - a +2 hand axe of freezing
Armour
 c - a +0 buckler (worn)
 g - a +2 helmet (worn)
 k - a +0 chain mail (worn)
 A - a +1 pair of boots of rampaging (worn)
 E - a +2 cloak (worn)
Jewellery
 d - a ring of wizardry
 e - a ring of ice
 l - a ring of see invisible
 o - an amulet of regeneration (around neck)
 r - the ring "Zitzosol" (left hand) {rC+ rN+ Int+6 Slay+2}
   (You acquired it on level 3 of the Dungeon)

   [ring of intelligence]

   Int:       It affects your intelligence (+6).
   Slay:      It affects your accuracy & damage with ranged weapons and melee
   (+2).
   rC:        It protects you from cold.
   rN:        It protects you from negative energy.
 x - a ring of positive energy
 C - a +6 ring of strength (right hand)
Wands
 y - a wand of polymorph (12)
 G - a wand of charming (8)
Scrolls
 n - a scroll of fog
 u - 2 scrolls of immolation
 v - 3 scrolls of teleportation
Potions
 f - a potion of ambrosia
 h - a potion of magic
 p - 2 potions of lignification
 q - 4 potions of mutation
 t - a potion of invisibility {unknown}
 w - a potion of brilliance {unknown}
 z - a potion of attraction {unknown}


   Skills:
 + Level 9.1 Fighting
 * Level 13.0 Axes
 + Level 8.3 Armour
 + Level 8.1 Shields
 + Level 6.6 Evocations


You had 10 spell levels left.
You didn't know any spells.
Your spell library contained the following spells:

 Spells                   Type           Power      Damage    Failure   Level
 Beastly Appendage        Tmut           0%         N/A       83%         1
 Blink                    Tloc           0%         N/A       92%         2
 Wereblood                Tmut           0%         N/A       92%         2
 Lesser Beckoning         Tloc           0%         N/A       99%         3
 Spider Form              Tmut/Pois      0%         N/A       99%         3
 Airstrike                Air            0%         0-1+      100%        4
 Summon Lightning Spire   Summ/Air       0%         N/A       100%        4
 Lightning Bolt           Conj/Air       0%         1d11      100%        5
 Manifold Assault         Tloc           0%         N/A       100%        5


Dungeon Overview and Level Annotations

Branches:
Dungeon (9/15)             Temple (0/1) D:6            Lair (0/6) D:8
    Orc: D:9-12

Altars:
Fedhas
Hepliaklqana
Sif Muna
Trog
Wu Jian
The Shining One
Beogh

Shops:
D:2 =

Annotations:
D:8 4 transporters


Message History

You hit the death yak.
The death yak is heavily wounded.
You block the death yak's attack.
You sock the death yak!
The death yak is severely wounded.
The death yak barely misses you.
You bludgeon the death yak!!
The death yak is almost dead.
The death yak gores you but does no damage.
You sock the death yak!
You kill the death yak!
Beogh accepts your kill.
Your Axes skill increases to level 13!
The death yak attacks as you move away! The death yak gores you!!
You sock the death yak!
The death yak is lightly wounded.
The death yak gores you.
You hit the death yak.
The death yak is moderately wounded.
The death yak snorts and paws the ground.
The death yak gores you!
As you read the scroll of fog, it crumbles to dust.
The scroll dissolves into smoke.
The death yak gores you!!
* * * LOW HITPOINT WARNING * * *
The death yak attacks as you move away! The death yak gores you!
* * * LOW HITPOINT WARNING * * *
The death yak attacks as you move away! The death yak barely misses you.
There is a stone staircase leading down here.
The death yak gores you!!
* * * LOW HITPOINT WARNING * * *
You climb downwards.
Found 5 atropa-tipped darts.
There is a stone staircase leading up here.
You sock the death yak!
The death yak is moderately wounded.
The death yak gores you but does no damage.
You sock the death yak!
The death yak is heavily wounded.
The death yak gores you!
You die...

#+
##.
#..
#(#
#Y#
#@#
#+#


You could see a death yak.

Vanquished Creatures
  A death yak (D:8)
  Pikel (D:7)
  A deep elf pyromancer (D:7)
  Joseph (D:8)
  Maggie (D:8)
  2 polar bears (D:8)
  Prince Ribbit (D:7)
  5 yaks (D:8)
  3 water moccasins
  6 ice beasts
  An orc warrior (D:7)
  2 sky beasts (D:7)
  A black bear (D:5)
  An ogre (D:4)
  2 centaurs (D:6)
  2 phantoms (D:7)
  5 kobold brigands
  5 bullfrogs
  A gnoll sergeant (D:8)
  A scorpion (D:4)
  3 wights
  11 killer bees (D:8)
  3 howler monkeys
  An electric eel (D:8)
  2 jellies (D:6)
  3 orc priests
  2 gnoll boudas
  2 hounds
  4 iguanas
  6 orc wizards
  10 adders
  13 gnolls
  3 white imps
  2 howler monkey simulacra (D:8)
  4 ufetubi
  2 worms (D:2)
  3 dart slugs
  29 orcs
  5 ball pythons
  3 endoplasms
  4 giant cockroaches
  12 goblins
  6 hobgoblins
  5 quokkas
  6 bats
  A frilled lizard (D:3)
  13 kobolds
  3 rats
204 creatures vanquished.

Vanquished Creatures (others)
  2 orc priests (D:5)
  An orc (D:5)
3 creatures vanquished.

Grand Total: 207 creatures vanquished

Notes
Turn   | Place    | Note
-------+----------+-------------------------------------------
     0 | D:1      | Marinxar the Hill Orc Fighter began the quest for the Orb.
     0 | D:1      | Reached XP level 1. HP: 19/19 MP: 1/1
    77 | D:1      | Reached skill level 3 in Axes
   120 | D:1      | Reached XP level 2. HP: 27/27 MP: 2/2
   307 | D:1      | Found a faded altar of an unknown god.
   511 | D:1      | Reached XP level 3. HP: 26/33 MP: 3/3
   871 | D:2      | Found Mofytal's Jewellery Emporium.
  1201 | D:2      | Reached skill level 4 in Axes
  1201 | D:2      | Reached XP level 4. HP: 40/40 MP: 4/4
  1461 | D:3      | Identified a scroll of acquirement
  1461 | D:3      | Acquired the ring "Zitzosol" {rC+ rN+ Int+6 Slay+2}
  1542 | D:3      | Identified the +5 dagger of Dust {drain, rElec Int+6 Dex+2}
  1985 | D:3      | Found a bloodstained altar of Trog.
  1985 | D:3      | Found a glowing golden altar of the Shining One.
  1985 | D:3      | Found an ornate altar of the Wu Jian Council.
  1985 | D:3      | Found a hazy altar of Hepliaklqana.
  1993 | D:3      | Found a blossoming altar of Fedhas.
  1995 | D:3      | Found a shimmering blue altar of Sif Muna.
  2201 | D:4      | Reached XP level 5. HP: 47/47 MP: 5/5
  2204 | D:4      | Reached skill level 1 in Evocations
  2411 | D:4      | Noticed an ogre
  2417 | D:4      | Killed an ogre
  2418 | D:4      | Reached skill level 5 in Axes
  2418 | D:4      | Reached XP level 6. HP: 53/53 MP: 6/6
  2637 | D:4      | Reached skill level 6 in Axes
  2986 | D:4      | Reached skill level 5 in Fighting
  2986 | D:4      | Reached XP level 7. HP: 61/61 MP: 7/7
  3128 | D:5      | Entered Level 5 of the Dungeon
  3313 | D:5      | Became a worshipper of Beogh the Brigand
  3332 | D:5      | Found a roughly hewn altar of Beogh.
  3332 | D:5      | Found the +7 staff of the Meek {protect, meekguard}
  3948 | D:6      | Reached skill level 7 in Axes
  3948 | D:6      | Reached skill level 5 in Armour
  4082 | D:6      | Reached skill level 5 in Shields
  4082 | D:6      | Reached XP level 8. HP: 70/70 MP: 8/8
  4276 | D:6      | Found a staircase to the Ecumenical Temple.
  4350 | D:6      | Reached skill level 8 in Axes
  4737 | D:7      | Reached * piety under Beogh
  4843 | D:7      | Reached XP level 9. HP: 69/78 MP: 9/9
  4846 | D:7      | Reached skill level 9 in Axes
  4907 | D:7      | Noticed Prince Ribbit
  4938 | D:7      | Killed Prince Ribbit
  4973 | D:7      | Reached skill level 10 in Axes
  5155 | D:7      | Reached ** piety under Beogh
  5188 | D:7      | Reached skill level 5 in Evocations
  5197 | D:7      | Noticed a troll
  5197 | D:7      | Noticed a seven-headed hydra
  5197 | D:7      | Noticed a deep elf pyromancer
  5247 | D:7      | Identified the +9 flail of Meloeson {vorpal, rElec Will+
                  | Dex+4}
  5284 | D:7      | Killed a deep elf pyromancer
  5285 | D:7      | Reached XP level 10. HP: 55/88 MP: 6/10
  5318 | D:7      | Noticed Pikel
  5333 | D:7      | Killed Pikel
  5334 | D:7      | Reached skill level 11 in Axes
  5652 | D:8      | Noticed Maggie
  5668 | D:8      | Killed Maggie
  5806 | D:8      | Found a transporter.
  5808 | D:8      | Found a transporter.
  5818 | D:8      | Noticed Joseph
  5837 | D:8      | Killed Joseph
  5862 | D:8      | Reached skill level 12 in Axes
  5954 | D:8      | Found a staircase to the Lair.
  6037 | D:8      | Found a transporter.
  6037 | D:8      | Found a transporter.
  6235 | D:8      | Reached XP level 11. HP: 68/95 MP: 11/11
  6269 | D:8      | Reached *** piety under Beogh
  6308 | D:8      | Noticed a death yak
  6310 | D:8      | Noticed a death yak
  6311 | D:8      | Noticed a death yak
  6311 | D:8      | Noticed a death yak
  6336 | D:8      | Killed a death yak
  6337 | D:8      | Reached skill level 13 in Axes
  6356 | D:9      | Slain by a death yak

Illustrated notes

Levels and vault maps discovered:
D:1:      dpeg_arrival_rhombi, layout_loops_ring, basic_ecumenical_altar,
          serial_park_tiny_pond, minmay_tetromino_t4
D:2:      layout_basic, serial_shops, nicolae_shop_crystal,
          kennysheep_generic_room_11
D:3:      layout_basic, minmay_overflow_temple_hex
D:4:      cheibrodos_greedy_goblins, layout_basic
D:5:      layout_basic, pf_guarded_unrand_meek
D:6:      layout_loops_corners, minmay_temple_entry_waves,
          hangedman_decor_slide_cut
D:7:      minmay_the_grid_plus [minmay_the_grid_all_tris,
          minmay_the_grid_minigrid_small_alt, minmay_the_grid_stretched_grid,
          minmay_the_grid_diamond_grid, minmay_the_grid_prize_shrinking_boxes],
          layout_rooms, serial_curves, eino_curves_04, eino_curves_04,
          serial_shops, shop, minivault_1, minmay_fractal_squares_diagonal_5,
          uniq_prince_ribbit1, uniq_pikel
D:8:      layout_rooms, dpeg_lair_monsters, serial_ice, serial_ice_a,
          serial_ice_f, serial_ice_e, serial_ice_m, nicolae_diode_quadrants,
          uniq_maggie, uniq_joseph
D:9:      layout_roguey, nicolae_overflow_hallway_of_the_gods, serial_shops,
          nicolae_shop_statue_plus, serial_corexii_hall, corexii_hall_statues_i,
          chequers_hall_statues_y, corexii_hall_statues_x,
          chequers_hall_statues_y, uniq_psyche

Skill      XL: |  1  2  3  4  5  6  7  8  9 10 11 |
---------------+----------------------------------+-----
Axes           | 3 4 5 6 7 8 10 12 13 | 13.0
Fighting       | 4 5 6 7 8 9 |  9.1
Armour         | 4 5 6 7 8 |  8.3
Evocations     | 1 2 3 4 5 6 |  6.6
Shields        | 4 5 6 8 |  8.1

Action                   |  1- 3 |  4- 6 |  7- 9 | 10-12 || total
-------------------------+-------+-------+-------+-------++-------
Melee: War axe           |    85 |   139 |    33 |       ||   257
       Hand axe          |       |       |   250 |       ||   250
       Flail             |       |       |       |   144 ||   144
Invok: Convert to Beogh  |       |       |     1 |       ||     1
       Smiting           |       |       |     1 |       ||     1
Evoke: Wand              |       |     7 |    10 |       ||    17
  Use: Scroll            |     5 |     3 |     6 |     6 ||    20
       Potion            |       |     2 |     1 |     2 ||     5
Armor: Scale mail        |    44 |       |       |       ||    44
       Chain mail        |    18 |    89 |   130 |   117 ||   354
Dodge: Dodged            |    29 |    57 |    72 |    58 ||   216
Block: Buckler           |    16 |    32 |    46 |    51 ||   145

Table legend: (Time is in decaauts)
 A = Elapsed time spent in this place.
 B = Non-inter-level travel time spent in this place.
 C = Inter-level travel time spent in this place.
 D = Time resting spent in this place.
 E = Time spent auto-exploring this place.
 F = Levels seen in this place.
 G = Mean time per level.
                   A        B        C        D        E       F      G
               +--------+--------+--------+--------+--------+-----+--------+
         Total |   6427 |   6279 |    148 |    150 |   1001 |   9 |  714.1 |
       Dungeon |   6427 |   6279 |    148 |    150 |   1001 |   9 |  714.1 |
               +--------+--------+--------+--------+--------+-----+--------+

Top non-repeatable levels by time:
     D:6: 987 daAuts
     D:4: 964 daAuts
     D:3: 916 daAuts
     D:1: 767 daAuts
     D:5: 755 daAuts
     D:7: 749 daAuts
     D:8: 715 daAuts
     D:2: 569 daAuts
     D:9: 1 daAuts
